 Dungeon Crawl Stone Soup version 0.28-a0-313-gbc0475efdd (webtiles) character file.

Game seed: 1723909136926516579

215 robertstho the Sneak (level 5, 0/34 HPs)
             Began as an Octopode Fire Elementalist on Aug 31, 2021.
             Succumbed to an adder's poison
             ... on level 6 of the Dungeon.
             The game lasted 00:04:50 (3841 turns).

robertstho the Sneak (Octopode Fire Elementalist)   Turns: 3841, Time: 00:04:50

Health: 0/34       AC:  1    Str:  7    XL:     5   Next: 92%
Magic:  1/9        EV: 13    Int: 19    God:
Gold:   120        SH:  0    Dex: 12    Spells: 2/10 levels left

rFire   . . .      SeeInvis .   o - +1 dagger (speed)
rCold   . . .      Faith    .   (no shield)
rNeg    . . .      Spirit   .   (helmet restricted)
rPois   .          Reflect  .   (no amulet)
rElec   .          Harm     .   (no ring)
rCorr   .          Rampage  .   (no ring)
Will    .....                   (no ring)
Stlth   ++++......              (no ring)
HPRegen 0.11/turn               (no ring)
MPRegen 0.11/turn               (no ring)
                                (no ring)
                                (no ring)

@: lethally poisoned (0 -> -4)
A: almost no armour, amphibious, 8 rings, camouflage 1, gelatinous body 1,
(nimble swimmer 1), tentacles
a: no special abilities


You were on level 6 of the Dungeon.
You visited 1 branch of the dungeon, and saw 5 of its levels.

You collected 153 gold pieces.
You spent 33 gold pieces at shops.

Inventory:

Hand Weapons
 b - a +0 dagger
 o - a +1 dagger of speed (weapon)
Wands
 j - a wand of charming (9)
 n - a wand of paralysis (11)
Scrolls
 a - a scroll of holy word {unknown}
 g - a scroll of noise {unknown}
 h - 3 scrolls of identify {unknown}
 i - a scroll of teleportation {unknown}
 m - a scroll of enchant armour {unknown}
Potions
 c - 4 potions of curing
 d - a potion of attraction {unknown}
 e - a potion of brilliance {unknown}
 f - a potion of ambrosia {unknown}
 k - 2 potions of might {unknown}
 l - a potion of degeneration {unknown}


   Skills:
 * Level 1.8 Fighting
 + Level 0.1 Short Blades
 + Level 2.1 Dodging
 * Level 5.1 Stealth
 * Level 3.3 Spellcasting
 + Level 1.8 Conjurations
 + Level 3.6 Fire Magic


You had 2 spell levels left.
You knew the following spells:

 Your Spells              Type           Power      Damage    Failure   Level
a - Foxfire               Conj/Fire      52%        2x1d6     4%          1
b - Conjure Flame         Conj/Fire      13%        6-21      14%         3
c - Sticky Flame          Conj/Fire      13%        2d4       43%         4

Your spell library contained the following spells:

 Spells                   Type           Power      Damage    Failure   Level
 Static Discharge         Conj/Air       6%         N/A       16%         2
 Passwall                 Tmut/Erth      2%         N/A       22%         2
 Inner Flame              Hex/Fire       10%        N/A       22%         3
 Swiftness                Air            3%         N/A       41%         3
 Fireball                 Conj/Fire      6%         3d5       80%         5
 Lightning Bolt           Conj/Air       3%         1d14      96%         5
 Invisibility             Hex            1%         N/A       100%        6
 Maxwell's Capacitive Co  Air            1%         ∞         100%        8


Dungeon Overview and Level Annotations

Branches:
Dungeon (4/15)
 Temple: D:4-7

Altars:
Makhleb
Zin

Shops:
D:1 !

Annotations:
D:1 Potion shop
D:4 2 transporters, CraigForest's ghost, amateur OpDe; Edmund


Innate Abilities, Weirdness & Mutations

You cannot wear most types of armour.
You are amphibious.
You can wear up to eight rings at the same time.
Your skin changes colour to match your surroundings (Stealth+).
Your rubbery body absorbs attacks. (AC +1, EV +1)
((You are camouflaged near water. (Stealth+)))
You have tentacles for arms and can constrict up to eight enemies at once.


Message History

Unknown command.
Casting: Foxfire (safe; 4% risk of failure)
Press: ? - help, Q - select action, (/) - cycle Dir - look around, f - activate You conjure some foxfire!
The foxfire hits the adder.
The adder is heavily wounded.
The foxfire hits the adder.
The adder is almost dead.
The orc wizard gestures wildly while chanting.
The orc wizard flickers and vanishes!
Deactivating autopickup; reactivate with Ctrl-A.
The adder bites you.
You don't have enough magic to cast this spell.
You don't have enough magic to cast this spell.
Aiming: Paralyse
Press: ? - help, Shift-Dir - straight line, f - adder
Aim: an adder (almost dead, chance to affect: 54%)
The adder resists with significant effort.
The adder barely misses you.
Aiming: Paralyse
Press: ? - help, Shift-Dir - straight line, f - orc priest, p - adder
Aim: an orc priest, wielding a +0 hand axe (chance to affect: 46%)
The orc priest resists with some effort.
The adder bites you.
The orc priest invokes the aid of Beogh against you.
Beogh smites you!
You hit the orc priest. You grab the orc priest.
The orc priest is lightly wounded.
You constrict the orc priest. The adder bites you.
* * * LOW HITPOINT WARNING * * *
You are poisoned.
The adder poisons you!
You release your grip on the orc priest.
* * * LOW HITPOINT WARNING * * *
You feel sick. The adder bites you.
* * * LOW HITPOINT WARNING * * *
The orc priest closely misses you. The adder closely misses you.
* * * LOW HITPOINT WARNING * * *
You feel sick.
You die...

#. #.# #.###
#.># #.#.#
..##.# ### #.#
########.#
#....@.o.#
#.#####S.###.##
#..).)....
##.#......
#.#.####. #.# #
#.# #.. ...


You could see an orc priest and an adder.

Vanquished Creatures
  A hound (D:4)
  Natasha (twice) (D:2)
  An orc wizard (D:6)
  2 adders
  An ufetubus (D:4)
  A worm (D:3)
  4 dart slugs
  2 orcs
  5 bats
  7 endoplasms
  3 giant cockroaches
  5 goblins
  5 hobgoblins
  6 jackals
  2 quokkas
  7 ball pythons
  3 frilled lizards
  9 kobolds
  3 rats
69 creatures vanquished.

Vanquished Creatures (others)
  246 foxfires
246 creatures vanquished.

Grand Total: 315 creatures vanquished

Notes
Turn   | Place    | Note
-------+----------+-------------------------------------------
     0 | D:1      | robertstho the Octopode Fire Elementalist began the quest
                  | for the Orb.
     0 | D:1      | Reached XP level 1. HP: 11/11 MP: 3/3
   272 | D:1      | Reached XP level 2. HP: 18/18 MP: 1/5
   618 | D:1      | Found Mefikla's Distillery.
   626 | D:1      | Bought a potion of curing for 33 gold pieces
   681 | D:2      | Reached skill level 3 in Stealth
   681 | D:2      | Reached XP level 3. HP: 8/22 MP: 3/6
   975 | D:2      | Reached skill level 1 in Fighting
  1299 | D:2      | Noticed Natasha
  1305 | D:2      | Killed Natasha
  1306 | D:2      | Reached skill level 4 in Stealth
  1306 | D:2      | Reached XP level 4. HP: 28/28 MP: 4/8
  1367 | D:2      | Noticed Natasha
  1380 | D:2      | Killed Natasha
  2318 | D:3      | Reached XP level 5. HP: 33/33 MP: 3/9
  2914 | D:3      | Found a burning altar of Makhleb.
  2920 | D:3      | Found a glowing silver altar of Zin.
  2920 | D:3      | Noticed an angel
  2920 | D:3      | Noticed an Executioner
  3268 | D:4      | Learned a level 3 spell: Conjure Flame
  3273 | D:4      | Learned a level 4 spell: Sticky Flame
  3325 | D:4      | Noticed a phantom
  3330 | D:4      | Found a transporter.
  3330 | D:4      | Noticed CraigForest's ghost (amateur OpDe)
  3335 | D:4      | Found a transporter.
  3349 | D:4      | Noticed Edmund
  3378 | D:4      | Reached skill level 5 in Stealth
  3814 | D:4      | You fall into a shaft and drop 2 floors!
  3840 | D:6      | HP: 1/34 [poisoned by an adder]
  3841 | D:6      | Succumbed to an adder's poison

Illustrated notes

Levels and vault maps discovered:
D:1:      roderic_dead_forest, layout_basic, serial_shops,
          nicolae_shop_competitors_out_of_business
D:2:      layout_loops_corners, uniq_natasha
D:3:      layout_basic, grunt_temple_overflow_order_and_chaos_2,
          minmay_randomly_rotated_circles
D:4:      layout_gridville, nicolae_overflow_crystal_walls, kennysheep_mini,
          kennysheep_vampire_church, gammafunk_ghost_mausoleum, uniq_sigmund,
          uniq_edmund, uniq_pikel
D:6:      layout_loops_ring, mainiacjoe_overflow_alcove_2, serial_shops,
          nicolae_shop_behind_doors

Skill      XL: |  1  2  3  4  5 |
---------------+----------------+-----
Stealth        | 3 4 5 |  5.1
Fighting       | 1 |  1.8
Spellcasting   | 3 |  3.3
Short Blades   | |  0.1
Dodging        | |  2.1
Conjurations   | |  1.8
Fire Magic     | |  3.6

Action                   |  1- 3 |  4- 6 || total
-------------------------+-------+-------++-------
Melee: Dagger            |    13 |     8 ||    21
       Unarmed           |     5 |       ||     5
       Tentacles         |     4 |     3 ||     7
       Constrict         |     3 |     2 ||     5
 Cast: Foxfire           |    34 |   110 ||   144
Evoke: Wand              |       |     2 ||     2
 Stab: Sleeping          |     7 |       ||     7
Armor: Skin              |     1 |       ||     1
Dodge: Dodged            |    22 |    26 ||    48

Table legend: (Time is in decaauts)
 A = Elapsed time spent in this place.
 B = Non-inter-level travel time spent in this place.
 C = Inter-level travel time spent in this place.
 D = Time resting spent in this place.
 E = Time spent auto-exploring this place.
 F = Levels seen in this place.
 G = Mean time per level.
                   A        B        C        D        E       F      G
               +--------+--------+--------+--------+--------+-----+--------+
         Total |   3836 |   3792 |     44 |    240 |   3063 |   5 |  767.2 |
       Dungeon |   3836 |   3792 |     44 |    240 |   3063 |   5 |  767.2 |
               +--------+--------+--------+--------+--------+-----+--------+

Top non-repeatable levels by time:
     D:2: 1420 daAuts
     D:3: 1112 daAuts
     D:1: 659 daAuts
     D:4: 616 daAuts
     D:6: 26 daAuts
